 Dungeon Crawl Stone Soup version 0.20-a0-680-g5c496f5 (webtiles) character file.

64841 Amciq the Blocker (level 14, 0/124 HPs)
             Began as a Minotaur Fighter on Feb 18, 2017.
             Was an Elder of Okawaru.
             Succumbed to a swamp dragon's poison gas
             ... on level 1 of the Swamp.
             The game lasted 01:29:27 (19420 turns).

Amciq the Blocker (Minotaur Fighter)               Turns: 19420, Time: 01:29:28

Health: 0/124      AC: 25    Str: 37    XL:     14   Next: 73%
Magic:  21/21      EV: 13    Int:  1    God:    Okawaru [****..]
Gold:   1609       SH: 22    Dex: 12    Spells: 13/13 levels left

rFire    . . .     SeeInvis .   u - +4 whip (freeze)
rCold    . . .     Gourm    .   K - +1 plate armour "Tur Yfo" {rElec Str+7 Int-4}
rNeg     . . .     Faith    +   q - +0 large shield
rPois    .         Spirit   .   (helmet restricted)
rElec    +         Reflect  .   J - +2 cloak {+Inv}
rCorr    .         Harm     .   c - +0 pair of gloves (curse)
MR       +....                  L - +1 pair of boots
Stlth    ..........             N - amulet of faith
Regen    0.3/turn               E - +3 ring of strength
MPRegen  0.2/turn               w - +3 ring of strength

@: lethally poisoned (0 -> -157), heroism, heavily drained
A: retaliatory headbutt, horns 2
a: Heroism, Renounce Religion, Evoke Invisibility


You were on level 1 of the Swamp.
You worshipped Okawaru.
Okawaru was greatly pleased with you.
You were very hungry.

You visited 4 branches of the dungeon, and saw 20 of its levels.
You also visited: Sewer.

You collected 1609 gold pieces.

Inventory:

Hand Weapons
 u - a +4 whip of freezing (weapon)
Missiles
 y - 8 poisoned javelins (quivered)
 B - 8 needles of sleeping
Armour
 c - a cursed +0 pair of gloves (worn)
 q - a +0 large shield (worn)
 J - a +2 cloak of invisibility (worn)
 K - the +1 plate armour "Tur Yfo" (worn) {rElec Str+7 Int-4}
   (Okawaru gifted it to you on level 11 of the Dungeon)

   It affects your strength (+7).
   It affects your intelligence (-4).
   It insulates you from electricity.
 L - a +1 pair of boots (worn)
Jewellery
 w - a +3 ring of strength (left hand)
 x - an uncursed amulet of harm
 z - a +3 ring of evasion
 C - an uncursed ring of flight
 E - a +3 ring of strength (right hand)
 N - an amulet of faith (around neck)
 R - a cursed ring of ice {unknown}
Wands
 a - a wand of flame (21/48)
 G - a wand of disintegration (23/24)
 I - a wand of digging (17/24)
 M - a wand of random effects (20/48)
 T - a wand of paralysis (20/24)
Scrolls
 b - a scroll of enchant armour
 d - 3 scrolls of noise
 e - 4 scrolls of identify
 i - a scroll of magic mapping
 k - 4 scrolls of remove curse
 m - 2 scrolls of fear
 o - 3 scrolls of recharging
 r - 4 scrolls of blinking
 v - 5 scrolls of teleportation
 H - a scroll of brand weapon {unknown}
 S - a scroll of acquirement {unknown}
Potions
 g - 10 potions of curing
 h - 8 potions of flight
 l - 2 potions of agility
 p - a potion of resistance
 t - 3 potions of haste
 D - a potion of berserk rage
 F - 5 potions of cancellation
 O - a potion of invisibility
Books
 P - the Catalogue of the Old World
   (You found it on level 6 of the Lair of Beasts)

   Spells                             Type                      Level
   a - Apportation                    Translocation                1
   b - Lesser Beckoning               Translocation                3
   c - Controlled Blink               Translocation                8
   d - Disjunction                    Translocation                8
Miscellaneous
 n - a lightning rod (4/4)
 Q - a fan of gales
Comestibles
 f - 10 bread rations
 j - 19 royal jellies
 s - 9 meat rations
 A - 37 fruits


   Skills:
 + Level 11.3(14.2) Fighting
 + Level 11.0(13.9) Maces & Flails
 + Level 9.4(12.3) Throwing
 + Level 11.3(14.2) Armour
 + Level 10.0(12.9) Dodging
 + Level 11.5(14.3) Shields
 + Level 9.8(12.8) Unarmed Combat
 * Level 11.1(9.2) Invocations
 + Level 2.7(1.2) Evocations


You had 13 spell levels left.
You didn't know any spells.

Dungeon Overview and Level Annotations

Branches:
Dungeon (12/15)            Temple (1/1) D:7            Lair (6/6) D:8
  Swamp (1/4) Lair:4        Snake (0/4) Lair:4        Slime (0/5) Lair:5
    Orc (0/2) D:11

Altars:
Ashenzari
Cheibriados
Dithmenos
Elyvilon
Fedhas
Gozag
Hepliaklqana
Kikubaaqudgha
Makhleb
Nemelex Xobeh
Okawaru
Qazlal
Ru
Sif Muna
Trog
Uskayaw
Vehumet
Xom
Yredelemnul
Zin
The Shining One

Shops:
D:10 }


Innate Abilities, Weirdness & Mutations

You reflexively headbutt those who attack you in melee.
You have a pair of horns on your head.


Message History

You feel extremely sick.
You block the swamp dragon's attack. x2; The swamp dragon barely misses you.
The swamp dragon bites you but does no damage.
The swamp dragon claws you.
* * * LOW HITPOINT WARNING * * *
You block the swamp dragon's attack.
You whack the swamp dragon! You freeze the swamp dragon!
The swamp dragon is almost dead.
You are engulfed in poison gas.
You are more poisoned.
* * * LOW HITPOINT WARNING * * *
x2 You feel very sick.
The swamp dragon bites you!
* * * LOW HITPOINT WARNING * * *
The swamp dragon barely misses you. You block the swamp dragon's attack.
Your unstable footing causes you to fumble your attack.
You are engulfed in poison gas.
You are more poisoned.
* * * LOW HITPOINT WARNING * * *
You die...

...≈≈≈≈≈.♣♣♣.≈.≈.♣
.....≈♣≈..♣♣≈≈≈.♣♣ .≈..≈≈≈
≈≈♣♣.≈≈≈....≈≈≈.♣ ≈≈...≈.
≈.♣....[.≈≈♣.≈≈.♣ ≈.≈..≈.
≈.♣.≈♣.≈≈≈......♣ ≈.≈....
♣♣♣.≈≈.≈≈.≈≈≈.≈.♣ ♣♣.§.....
♣♣♣.≈.....≈≈≈≈≈.♣♣♣.≈(≈≈≈≈♣
≈♣♣.≈≈≈≈.≈≈≈..≈§≈♣♣.≈.≈§≈≈≈
≈♣♣..≈♣.≈≈≈≈.≈≈≈@.♣$.≈..≈..
≈♣♣♣.>.≈≈§...(.§≈D..≈≈♣≈..♣
..♣..≈≈≈...≈≈.≈§♣§♣...≈≈≈≈$
♣.♣.≈≈≈§..≈≈≈.≈≈§≈..≈.≈≈≈≈♣
......♣≈..≈≈≈.♣♣...≈≈...≈..
≈.♣♣♣..≈.≈≈≈≈.♣♣♣≈≈≈≈.♣≈$≈.
≈≈♣ ♣♣.≈≈.≈≈≈.♣ ♣≈≈.≈≈.≈.≈♣
≈.♣ ♣♣≈≈.≈♣≈≈♣ ♣..≈≈≈..!≈≈
≈.♣ ♣...≈.≈≈♣ ♣.♣≈≈§≈..


You could see a swamp dragon.

Vanquished Creatures
  A dire elephant (Lair:6)
  Josephine (Swamp:1)
  11 hydras
  A catoblepas (Lair:6)
  5 two-headed ogres
  3 alligators (Swamp:1)
  A deep troll shaman (Lair:6)
  5 death yaks (Lair:6)
  An unseen horror (D:11)
  A shambling mangrove (Swamp:1)
  Pikel (D:6)
  A lindwurm (Lair:2)
  An orc sorcerer (D:11)
  29 elephants
  A cyclops (D:12)
  5 black mambas
  A guardian serpent (shapeshifter) (D:8)
  14 spiny frogs
  5 komodo dragons
  2 rime drakes
  3 meliai (Lair:5)
  4 hornets
  2 polar bears (Lair:6)
  A queen bee (Lair:5)
  A troll (D:11)
  10 blink frogs
  Prince Ribbit (Lair:2)
  Grinder (D:4)
  3 bog bodies (Swamp:1)
  10 dream sheep
  11 hippogriffs
  A wyvern (D:11)
  29 yaks
  Sigmund (D:6)
  3 wraiths (Swamp:1)
  A basilisk (Lair:1)
  3 hungry ghosts
  Edmund (D:6)
  An acid dragon (D:11)
  A naga (Lair:4)
  7 water moccasins
  12 swamp worms
  5 porcupines
  2 orc warriors
  5 sky beasts
  2 black bears
  3 ice beasts
  3 phantoms
  13 wolves
  8 centaurs
  2 necrophages
  6 ogres
  4 crocodiles
  Blork the orc (D:6)
  2 big kobolds
  11 bullfrogs
  A wyvern skeleton (D:8)
  2 scorpions
  3 troll zombies (D:11)
  26 killer bees
  4 electric eels
  10 wights
  A howler monkey (D:5)
  5 crimson imps
  2 centaur zombies
  3 hounds
  3 jellies
  8 orc priests
  Crazy Yiuf (D:6)
  3 bullfrog skeletons
  2 centaur skeletons
  3 iguanas
  8 orc wizards
  10 worker ants
  5 ogre zombies (D:11)
  2 hound zombies
  A hound skeleton (D:6)
  A howler monkey zombie (D:5)
  2 worker ant zombies
  12 adders
  7 shadow imps
  An adder skeleton (D:5)
  16 worms
  A dart slug (D:6)
  8 leopard geckos
  48 orcs
  5 giant cockroaches
  6 goblins
  4 hobgoblins
  17 jackals
  7 quokkas
  3 ball pythons
  14 bats
  5 frilled lizards
  3 goblin skeletons (D:11)
  A goblin zombie (D:11)
  A hobgoblin skeleton (D:11)
  3 hobgoblin zombies (D:11)
  17 kobolds
  2 orc skeletons (D:11)
  14 orc zombies (D:11)
  A quokka skeleton (D:7)
  6 rats
  A fungus (Lair:2)
573 creatures vanquished.

Vanquished Creatures (others)
  A slave (D:6)
  A bullfrog (D:12)
  An orc priest (D:6)
  3 orcs (D:6)
  5 bushes
  11 fungi
  13 plants
35 creatures vanquished.

Grand Total: 608 creatures vanquished

Notes
Turn   | Place    | Note
-------+----------+-------------------------------------------
     0 | D:1      | Amciq the Minotaur Fighter began the quest for the Orb.
     0 | D:1      | Reached XP level 1. HP: 19/19 MP: 0/0
   231 | D:1      | Reached XP level 2. HP: 26/27 MP: 1/1
   658 | D:2      | Reached XP level 3. HP: 28/33 MP: 2/2
   832 | D:2      | Reached skill level 1 in Throwing
   869 | D:2      | Found a faded altar of an unknown god.
  1137 | D:2      | Reached XP level 4. HP: 39/40 MP: 3/3
  1397 | D:3      | Reached skill level 1 in Dodging
  1547 | D:3      | Found a glowing drain.
  1605 | Sewer    | Entered a sewer
  1841 | Sewer    | Noticed a big kobold
  1854 | Sewer    | Killed a big kobold
  1854 | Sewer    | Reached XP level 5. HP: 33/46 MP: 4/4
  1860 | Sewer    | Reached skill level 1 in Unarmed Combat
  2413 | D:4      | Noticed Grinder
  2425 | D:4      | Paralysed by Grinder for 6 turns
  2432 | D:4      | Killed Grinder
  2432 | D:4      | Reached skill level 5 in Shields
  2432 | D:4      | Reached XP level 6. HP: 19/53 MP: 5/5
  2778 | D:4      | Reached skill level 5 in Armour
  3020 | D:4      | Reached XP level 7. HP: 56/60 MP: 6/6
  3399 | D:4      | Reached skill level 5 in Fighting
  3551 | D:5      | Entered Level 5 of the Dungeon
  3664 | D:5      | Reached skill level 5 in Maces & Flails
  3703 | D:5      | Reached XP level 8. HP: 63/69 MP: 7/7
  4821 | D:6      | Noticed Pikel
  4827 | D:6      | Killed Pikel
  4921 | D:6      | Noticed Edmund
  4929 | D:6      | Killed Edmund
  4929 | D:6      | Reached XP level 9. HP: 74/75 MP: 8/8
  5044 | D:6      | Noticed Blork the orc
  5046 | D:6      | Found a runed door.
  5046 | D:6      | Noticed Crazy Yiuf
  5049 | D:6      | Killed Crazy Yiuf
  5119 | D:6      | Killed Blork the orc
  5152 | D:6      | Found a snail-covered altar of Cheibriados.
  5157 | D:6      | Noticed Sigmund
  5166 | D:6      | Killed Sigmund
  5166 | D:6      | Reached skill level 5 in Dodging
  5166 | D:6      | Reached skill level 5 in Unarmed Combat
  5269 | D:6      | Reached skill level 1 in Evocations
  5561 | D:7      | Found a staircase to the Ecumenical Temple.
  5602 | Temple   | Entered the Ecumenical Temple
  5619 | Temple   | Became a worshipper of Warmaster Okawaru
  5860 | D:7      | Reached skill level 1 in Invocations
  6524 | D:8      | Noticed a queen bee
  6544 | D:8      | a queen bee changed into a golden eye
  6556 | D:8      | Noticed a fire crab
  6556 | D:8      | an eye of draining changed into a fire crab
  6561 | D:8      | Noticed a guardian serpent
  6561 | D:8      | a fire crab changed into a guardian serpent
  6571 | D:8      | Killed a guardian serpent
  6571 | D:8      | Reached * piety under Okawaru
  6571 | D:8      | Reached XP level 10. HP: 48/86 MP: 4/10
  6787 | D:8      | Found a staircase to the Lair.
  6795 | D:8      | Reached skill level 5 in Throwing
  6827 | D:8      | Found a stormy altar of Qazlal.
  7410 | D:9      | Noticed a two-headed ogre
  7419 | D:9      | Killed a two-headed ogre
  7419 | D:9      | Reached ** piety under Okawaru
  7629 | D:9      | Got a bloodstained helmet
  8176 | D:10     | Entered Level 10 of the Dungeon
  8230 | D:10     | Found Boplittu's Gadget Boutique.
  8280 | D:10     | Reached *** piety under Okawaru
  9006 | Lair:1   | Entered Level 1 of the Lair of Beasts
  9914 | Lair:1   | Noticed an eight-headed hydra
  9918 | Lair:1   | Noticed a seven-headed hydra
  9981 | D:9      | Noticed a two-headed ogre
  9990 | D:9      | Killed a two-headed ogre
  9990 | D:9      | Received a gift from Okawaru
  9990 | D:9      | Reached skill level 5 in Invocations
  9990 | D:9      | Reached XP level 11. HP: 86/95 MP: 13/13
 10063 | D:11     | Noticed a two-headed ogre
 10072 | D:11     | Killed a two-headed ogre
 10072 | D:11     | Reached **** piety under Okawaru
 10261 | D:11     | Killed an unseen horror
 10272 | D:11     | Received a gift from Okawaru
 10474 | D:11     | Noticed a two-headed ogre
 10483 | D:11     | Killed a two-headed ogre
 10483 | D:11     | Reached ***** piety under Okawaru
 10499 | D:11     | Found an ancient bone altar of Kikubaaqudgha.
 10591 | D:11     | Found a staircase to the Orcish Mines.
 10609 | D:11     | Noticed an orc sorcerer
 10924 | D:11     | Noticed a seven-headed hydra
 10947 | D:11     | Killed a seven-headed hydra
 11073 | D:11     | Killed an orc sorcerer
 11073 | D:11     | Received a gift from Okawaru
 11117 | D:11     | Noticed a two-headed ogre
 11126 | D:11     | Killed a two-headed ogre
 11126 | D:11     | Received a gift from Okawaru
 11129 | D:11     | Got a polished plate armour {god gift}
 11140 | D:11     | Identified the +1 plate armour "Tur Yfo" {rElec Str+7 Int-4} (Okawaru gifted it to you on level 11 of the Dungeon)
 11461 | D:12     | Reached XP level 12. HP: 90/104 MP: 16/16
 11717 | Lair:1   | Killed an eight-headed hydra
 11725 | Lair:1   | Killed a seven-headed hydra
 11909 | Lair:1   | Noticed an eight-headed hydra
 11925 | Lair:1   | Killed an eight-headed hydra
 11985 | Lair:1   | Got a jewelled broad axe
 11986 | Lair:1   | Identified the +0 broad axe of Overwhelming Force {drain, rF- rC- rN+++ Dex+8} (You found it on level 1 of the Lair of Beasts)
 12178 | Lair:2   | Noticed Prince Ribbit
 12197 | Lair:2   | Killed Prince Ribbit
 12691 | Lair:2   | Found a shattered altar of Ashenzari.
 13047 | Lair:1   | Received a gift from Okawaru
 13737 | Lair:3   | Got an ichor-stained scale mail
 13753 | Lair:3   | Identified the +4 scale mail of the Midnight Sun {rN+ Regen+ Dex+6} (You found it on level 3 of the Lair of Beasts)
 13945 | Lair:3   | Found a shimmering altar of Xom.
 14028 | Lair:3   | Received a gift from Okawaru
 14315 | Lair:3   | Reached skill level 10 in Fighting
 14568 | Lair:4   | Found a staircase to the Snake Pit.
 14604 | Lair:4   | Reached skill level 10 in Shields
 14604 | Lair:4   | Reached XP level 13. HP: 108/113 MP: 12/18
 14694 | Lair:4   | Reached skill level 10 in Armour
 14722 | Lair:4   | Received a gift from Okawaru
 14828 | Lair:4   | Found a staircase to the Swamp.
 15031 | Lair:4   | Received a gift from Okawaru
 15327 | Lair:5   | Received a gift from Okawaru
 15465 | Lair:5   | Found a staircase to the Slime Pits.
 15521 | Lair:5   | Reached skill level 10 in Maces & Flails
 15958 | Lair:5   | Received a gift from Okawaru
 16245 | Lair:6   | Entered Level 6 of the Lair of Beasts
 16265 | Lair:6   | Received a gift from Okawaru
 16389 | Lair:6   | Reached skill level 10 in Invocations
 16529 | Lair:6   | Received a gift from Okawaru
 16672 | Lair:6   | Reached XP level 14. HP: 118/122 MP: 15/20
 17302 | Lair:6   | Received a gift from Okawaru
 17692 | Lair:6   | Received a gift from Okawaru
 17698 | Lair:6   | Got a faintly humming robe {god gift}
 17725 | Lair:6   | Identified the Catalogue of the Old World
 17926 | Swamp:1  | Entered Level 1 of the Swamp
 18588 | Swamp:1  | Noticed Josephine
 18627 | Swamp:1  | Killed Josephine
 19402 | Swamp:1  | Reached skill level 10 in Dodging
 19420 | Swamp:1  | HP: 5/124 [swamp dragon] (2)]
 19420 | Swamp:1  | Succumbed to a swamp dragon's poison gas

Vault maps used:
D:1:      lemuel_arrival_muddy, serial_park_tiny_pond, minmay_crystal_water
D:2:      chequers_ecumenical_altar_simple, first_bread
D:3:      portal_sewer_entry_a
D:4:      uniq_grinder
D:6:      kennysheep_slug_shrine, uniq_blork_the_orc, uniq_pikel,
          uniq_crazy_yiuf_cottage, uniq_edmund, uniq_sigmund
D:7:      minmay_temple_entry_statues_fountains
D:8:      lair_entry_dummy, grunt_qazlal_clouds
D:9:      blue_anna_alchemist
D:10:     serial_shops, shop, kennysheep_small_circle
D:11:     zombieorc2_lemuel, basic_altar
D:12:     lemuel_flame_loot_1
Temple:   minmay_crystal_snake_temple
Lair:1:   beast_lair_carwin_large_1, wad_woods_06, serial_bayou_lake_a
Lair:2:   nicolae_volcano_entry_vermiform, lemuel_centaur_altar,
          uniq_prince_ribbit2
Lair:3:   basic_altar, serial_bayou_shore_a
Lair:4:   swamp_mist_pool, minmay_snake_entry_guardpost_small
Lair:5:   slime_dummy, special_room
Lair:6:   grunt_lair_end_beastmaster, worms_lemuel
Swamp:1:  evilmike_swamp_ruin_house_4, infiniplex_staircase_pool_2,
          uniq_josephine
Sewer:    kennysheep_pipe_town

Skill      XL: |  1  2  3  4  5  6  7  8  9 10 11 12 13 14 |
---------------+-------------------------------------------+-----
Shields        | 4 5 6 7 8 9 10 11 | 11.5
Armour         | 4 5 6 7 8 9 10 11 | 11.3
Fighting       | 4 5 6 7 8 9 10 11 | 11.3
Maces & Flails | 3 4 5 6 7 8 9 10 11 | 11.0
Throwing       | 1 2 3 4 5 6 7 8 9 |  9.4
Dodging        | 1 2 3 4 5 6 7 8 9 10 | 10.0
Unarmed Combat | 1 2 3 4 5 6 7 8 9 |  9.8
Evocations     | 2 |  2.7
Invocations    | 2 5 7 8 10 11 | 11.1

Action                   |  1- 3 |  4- 6 |  7- 9 | 10-12 | 13-15 || total
-------------------------+-------+-------+-------+-------+-------++-------
Melee: Flail             |   111 |   156 |       |       |       ||   267
       Headbutt          |    20 |    26 |    64 |   229 |   357 ||   696
       Whip              |       |    33 |   260 |   791 |   844 ||  1928
Throw: Throwing net      |       |       |     3 |     1 |       ||     4
       Javelin           |       |       |       |    16 |    18 ||    34
Invok: Heroism           |       |       |       |    25 |    25 ||    50
       Finesse           |       |       |       |     4 |    14 ||    18
 Abil: Evoke Invisibilit |       |       |     1 |       |       ||     1
Evoke: Wand              |       |       |     1 |       |       ||     1
  Use: Potion            |       |     5 |     3 |       |       ||     8
       Scroll            |       |     3 |    11 |    15 |     2 ||    31
 Stab: Held in net/web   |       |       |     1 |     1 |       ||     2
       Petrified         |       |       |       |       |     8 ||     8
  Eat: Chunk             |     1 |     6 |    11 |    24 |    13 ||    55
       Fruit             |       |       |       |     4 |     2 ||     6
       Royal jelly       |       |       |       |     1 |       ||     1
Armor: Scale mail        |    56 |    96 |    40 |    19 |       ||   211
       Skin              |       |    26 |       |       |       ||    26
       Plate armour      |       |       |       |   194 |   168 ||   362
Dodge: Dodged            |    31 |    88 |    76 |   209 |   168 ||   572
Block: Shield            |    49 |   148 |   105 |   366 |    89 ||   757
       Large shield      |       |       |       |       |   389 ||   389
